 Dungeon Crawl Stone Soup version 0.21.0-3-g78d12a8 (webtiles) character file.

89 HungrySpirit the Ducker (level 4, 0/26 HPs)
             Began as a Deep Elf Artificer on Jan 8, 2018.
             Killed by nerve-wracking pain
             ... invoked by Grinder
              (11 damage)
             ... on level 3 of the Dungeon.
             The game lasted 00:06:50 (3829 turns).

HungrySpirit the Ducker (Deep Elf Artificer)        Turns: 3829, Time: 00:06:51

Health: 0/26       AC:  4    Str:  9    XL:     4   Next: 31%
Magic:  8/8        EV: 13    Int: 17    God:
Gold:   88         SH:  0    Dex: 15    Spells: 3/3 levels left

rFire    . . .     SeeInvis .   a - +0 short sword
rCold    . . .     Gourm    .   (no shield)
rNeg     . . .     Faith    .   b - +0 leather armour
rPois    .         Spirit   .   (no helmet)
rElec    .         Reflect  .   (no cloak)
rCorr    .         Harm     .   (no gloves)
MR       .....                  q - +0 pair of boots
Stlth    ++........             (no amulet)
HPRegen  0.08/turn              (no ring)
MPRegen  0.11/turn              (no ring)

@: no status effects
A: no striking features
a: no special abilities


You were on level 3 of the Dungeon.
You were not hungry.

You visited 1 branch of the dungeon, and saw 3 of its levels.

You collected 88 gold pieces.

Inventory:

Hand Weapons
 a - a +0 short sword (weapon)
 o - a +1 falchion of holy wrath
Armour
 b - a +0 leather armour (worn)
 q - a +0 pair of boots (worn)
Wands
 c - a wand of flame (1)
 d - a wand of enslavement (8)
 e - a wand of paralysis (7)
Scrolls
 g - 2 scrolls of identify
 i - 2 scrolls of remove curse
 j - a scroll of enchant armour {unknown}
 k - a scroll of magic mapping {unknown}
 l - a scroll of immolation {unknown}
 p - a scroll of enchant weapon {unknown}
 r - a scroll of random uselessness {unknown}
 s - a scroll of amnesia {unknown}
Potions
 h - a potion of curing
 m - a potion of magic {unknown}
 n - 3 potions of brilliance {unknown}
Comestibles
 f - 6 rations


   Skills:
 + Level 1.7 Fighting
 * Level 3.0 Short Blades
 + Level 3.4 Dodging
 - Level 1.2 Stealth
 - Level 3.2 Evocations


You had 3 spell levels left.
You didn't know any spells.

Dungeon Overview and Level Annotations

Branches:
Dungeon (3/15)

Altars:
Hepliaklqana

Annotations:
D:3 Grinder; raph's ghost, amateur HuIE


Message History

You now have 85 gold pieces (gained 12).
Found a scroll labeled NEET GUUJUNYC.
s - a scroll labeled NEET GUUJUNYC Grinder shouts!
Evoke which item? (* to show all) (? for menu, Esc to quit)
Aiming: Enslavement
Press: ? - help, Shift-Dir - straight line, f - Grinder
Aim: Grinder (chance to defeat MR: 55%) Grinder is charmed.
You now have 88 gold pieces (gained 3).
Grinder is no longer charmed.
Grinder hits you!
You writhe in agony.
Evoke which item? (* to show all) (? for menu, Esc to quit)
Aiming: Enslavement
Press: ? - help, Shift-Dir - straight line, f/p - Grinder
Aim: Grinder (chance to defeat MR: 55%) Grinder resists with significant effort.
Grinder gestures at you. Pain shoots through your body!
You die...

#..............w..#..[...
#..#[#.#.#.#.#.#.###.....
#...............## #.....
#...#.#.#.#.#.#.# ######
#.##...........## #..
#.####........## #..
#.............# #..
######........# #..
#.5@.....# #.. #........#
#.. #........# #..
########## #.. #.. ###


You could see Grinder.

Vanquished Creatures
  3 adders
  2 worms (D:2)
  A dart slug (D:1)
  4 orcs
  A ball python (D:1)
  4 bats
  3 giant cockroaches
  8 goblins
  3 hobgoblins (D:2)
  4 jackals (D:1)
  4 kobolds (D:1)
  2 quokkas (D:3)
  2 frilled lizards (D:2)
  7 rats
48 creatures vanquished.

Vanquished Creatures (others)
  An orc (D:2)
  2 hobgoblins (D:3)
3 creatures vanquished.

Grand Total: 51 creatures vanquished

Notes
Turn   | Place    | Note
-------+----------+-------------------------------------------
     0 | D:1      | HungrySpirit the Deep Elf Artificer began the quest for the Orb.
     0 | D:1      | Reached XP level 1. HP: 11/11 MP: 5/5
   221 | D:1      | Reached skill level 1 in Fighting
   227 | D:1      | Reached XP level 2. HP: 5/16 MP: 6/6
  1489 | D:2      | Reached XP level 3. HP: 9/20 MP: 7/7
  1979 | D:2      | Found a hazy altar of Hepliaklqana.
  2736 | D:3      | Noticed raph's ghost (amateur HuIE)
  2790 | D:3      | Reached XP level 4. HP: 19/25 MP: 8/8
  3086 | D:3      | Noticed Grinder
  3146 | D:3      | Paralysed by an orc for 4 turns
  3829 | D:3      | Killed from afar by Grinder

Skill      XL: |  1  2  3  4 |
---------------+-------------+-----
Fighting       | 1 |  1.7
Short Blades   | 2 3 |  3.0
Dodging        | 3 |  3.4
Stealth        | |  1.2
Evocations     | |  3.2

Action                   |  1- 3 |  4- 6 || total
-------------------------+-------+-------++-------
Melee: Short sword       |   144 |    88 ||   232
Evoke: Wand              |    30 |     6 ||    36
  Use: Scroll            |     2 |       ||     2
       Potion            |       |     2 ||     2
 Stab: Sleeping          |     1 |       ||     1
  Eat: Chunk             |     6 |     3 ||     9
Armor: Leather armour    |    22 |    46 ||    68
Dodge: Dodged            |    85 |   114 ||   199
